 Dungeon Crawl Stone Soup version 0.19.1 (webtiles) character file.

22 slayr the Grasshopper (level 2, -2/27 HPs)
             Began as a Naga Warper on Dec 18, 2016.
             Slain by a kobold (3 damage)
             ... on level 2 of the Dungeon.
             The game lasted 00:03:21 (1097 turns).

slayr the Grasshopper (Naga Warper)                 Turns: 1097, Time: 00:03:22

Health: -2/27      AC:  2    Str: 13    XL:     2   Next: 91%
Magic:  5/5        EV:  9    Int: 13    God:
Gold:   78         SH:  0    Dex: 10    Spells: 0 memorised, 5 levels left

rFire  . . .     SeeInvis +     a - +0 spear
rCold  . . .     Gourm    .     b - +0 leather armour
rNeg   . . .     Faith    .     (no shield)
rPois  +         Spirit   .     (no helmet)
rElec  .         Reflect  .     (no cloak)
rCorr  .         Harm     .     (no gloves)
MR     .....                    (no barding)
Stlth  +.........               (no amulet)
                                (no ring)
                                (no ring)

@: very slow
A: see invisible, deformed body, poison resistance, slowness 2, slow metabolism
1, spit poison 1, AC +0
a: Spit Poison


You were on level 2 of the Dungeon.
You were not hungry.

You visited 1 branch of the dungeon, and saw 2 of its levels.

You collected 78 gold pieces.

Inventory:

Hand Weapons
 a - a +0 spear (weapon)
Missiles
 e - 5 tomahawks of dispersal (quivered)
Armour
 b - a +0 leather armour (worn)
 m - a +0 ring mail
Scrolls
 d - a scroll of blinking
Potions
 g - a potion of mutation {unknown}
 i - a potion of heal wounds {unknown}
 k - a potion of lignification {unknown}
 l - a potion of magic {unknown}
Books
 c - a book of Spatial Translocations

   Spells                             Type                      Level
   a - Blink                          Translocation                2
   b - Shroud of Golubria             Charms/Translocation         2
   c - Lesser Beckoning               Translocation                3
   d - Portal Projectile              Translocation                3
   e - Teleport Other                 Translocation                3
   f - Passage of Golubria            Translocation                4
Comestibles
 f - 2 bread rations
 h - a royal jelly
 j - 2 chunks of flesh


   Skills:
 + Level 2.4 Fighting
 * Level 2.7 Polearms
 - Level 0.8 Throwing
 - Level 0.7 Armour
 - Level 1.5 Dodging
 + Level 1.4 Stealth
 - Level 2.0 Spellcasting
   Level 3.0 Translocations


You had 5 spell levels left.
You didn't know any spells.

Dungeon Overview and Level Annotations

Branches:
Dungeon (2/15)

Altars:
Gozag
Uskayaw


Innate Abilities, Weirdness & Mutations

You cannot wear boots.
Your serpentine skin is tough. (AC +0)
You have supernaturally acute eyesight. (SInv)
Armour fits poorly on your strangely shaped body.
Your system is resistant to poisons. (rPois)
You cover ground very slowly.
You have a slow metabolism.
You can spit poison.


Message History

The leopard gecko is almost dead.
The kobold hits you.
* * * LOW HITPOINT WARNING * * *
The leopard gecko bites you.
* * * LOW HITPOINT WARNING * * *
You closely miss the leopard gecko.
The leopard gecko is almost dead.
The kobold misses you. The leopard gecko bites you.
* * * LOW HITPOINT WARNING * * *
You hit the leopard gecko.
You kill the leopard gecko!
The kobold hits you.
* * * LOW HITPOINT WARNING * * *
You barely miss the kobold. The kobold hits you.
* * * LOW HITPOINT WARNING * * *
Okay, then.
You hit the kobold.
The kobold is heavily wounded.
The kobold hits you.
You die...

** ##### ,* #######...# *** ,*
*###.........##**********,* ,*
*,....8.8.8...,,,,,,,,,,,,* .#
*##+##...!..†K######*******,*
.###*...........@.......,,,,* *,*
.#..+,.....#.!.(........,**,* *,*
.#.#*,,,...#_)....<.....,**,* *,*
.#.#**#+#+.#.(..........,**,* *,*
.#.# #.#.........####.#***,* *,*
.#.####..............,,.,,,,* *,*
............8.8.8.....,,>**** *,*
.#.######.............,********,*
.....................#,,,,,,,,,,,


You could see a kobold.

Vanquished Creatures
  A dart slug (D:1)
  2 leopard geckos
  A giant cockroach (D:1)
  A goblin (D:2)
  4 hobgoblins (D:1)
  A ball python (D:2)
  3 bats (D:1)
  2 frilled lizards (D:1)
  A kobold (D:1)
  2 rats
18 creatures vanquished.

Notes
Turn   | Place    | Note
-------+----------+-------------------------------------------
     0 | D:1      | slayr the Naga Warper began the quest for the Orb.
     0 | D:1      | Reached XP level 1. HP: 19/19 MP: 3/3
   338 | D:1      | Reached XP level 2. HP: 26/26 MP: 5/5
   864 | D:1      | Reached skill level 1 in Stealth
  1031 | D:2      | Found an opulent altar of Gozag.
  1077 | D:2      | Found a hide-covered altar of Uskayaw.
  1096 | D:2      | HP: 1/27 [kobold (2)]
  1097 | D:2      | Slain by a kobold

Skill      XL: |  1  2 |
---------------+-------+-----
Stealth        | 1 |  1.4
Fighting       | |  2.4
Polearms       | |  2.7
Throwing       | |  0.8
Armour         | |  0.7
Dodging        | |  1.5
Spellcasting   | |  2.0
Translocations | |  3.0

Action                   || total
-------------------------++-------
Melee: Spear             ||    74
  Use: Scroll            ||     5
 Stab: Distracted        ||     1
Armor: Leather armour    ||    18
Dodge: Dodged            ||    26
